NYP
BROOKLYN CYCLONES @ CONNECTICUT TIGERS
09/10/2080
 
TOP OF THE 1ST
Brooklyn Cyclones batting - Pitching for Connecticut Tigers : RHP Richard Munoz
Pitching: RHP Richard Munoz
Batting: RHB Nigel Stewart 0-0: Fly out, F9 (Flyball, 9D, EV 97.5 MPH)
Batting: LHB Jayden Fox 0-0: Swinging Strike
0-1: Called Strike
0-2: Strikes out swinging
Batting: RHB Kevin Santer 0-0: Foul Ball, location: 2F
0-1: SOLO HOME RUN (Flyball, 7D, EV 101.2 MPH), Distance : 386 ft
Batting: SHB Omar Zamora 0-0: Ground out 4-3 (Groundball, 4, EV 85.0 MPH)
Top of the 1st over - 1 run, 1 hit, 0 errors, 0 left on base; Brooklyn 1 - Connecticut 0
BOTTOM OF THE 1ST
Connecticut Tigers batting - Pitching for Brooklyn Cyclones : RHP Vince Worsley
Pitching: RHP Vince Worsley
Batting: RHB Chris Atwood 0-0: Swinging Strike
0-1: Ball
1-1: Called Strike
1-2: Foul Ball, location: 2F
1-2: Ball
2-2: Ball
3-2: Base on Balls
Batting: LHB Jack Myers 0-0: Ball
1-0: Ball
Chris Atwood steals 2nd base
2-0: Ground out U3 (Groundball, 3, EV 108.1 MPH)
Chris Atwood to third
Batting: LHB Jaime Vargas 0-0: Ball
1-0: Ball
2-0: Ground out U3 (Groundball, 3, EV 88.1 MPH)
Batting: RHB Hector Cortez 0-0: Fly out, F7 (Flyball, 7D, EV 92.5 MPH)
Bottom of the 1st over - 0 runs, 0 hits, 0 errors, 1 left on base; Brooklyn 1 - Connecticut 0
TOP OF THE 2ND
Brooklyn Cyclones batting - Pitching for Connecticut Tigers : RHP Richard Munoz
Batting: RHB Chase Garcia 0-0: Ball
1-0: Ground out U3 (Groundball, 34, EV 89.4 MPH)
Batting: RHB Daniel Bey 0-0: Ball
1-0: Foul Ball, location: 2F
1-1: Ground out 6-3 (Groundball, 6, EV 99.4 MPH)
Batting: SHB Jorge Saenz 0-0: Called Strike
0-1: Ball
1-1: Foul Ball, location: 2F
1-2: Strikes out looking
Top of the 2nd over - 0 runs, 0 hits, 0 errors, 0 left on base; Brooklyn 1 - Connecticut 0
BOTTOM OF THE 2ND
Connecticut Tigers batting - Pitching for Brooklyn Cyclones : RHP Vince Worsley
Batting: RHB Nick Crawford 0-0: Ball
1-0: Fly out, F8 (Line Drive, 8LD, EV 101.9 MPH)
Batting: SHB Sandy Montiel 0-0: Ground out 5-3 (Groundball, 5, EV 99.4 MPH)
Batting: LHB Chris Goldman 0-0: Ball
1-0: Called Strike
1-1: Ball
2-1: SINGLE (Groundball, 4MD, EV 98.8 MPH)
Batting: RHB Jimmy Bennett 0-0: Swinging Strike
0-1: Ball
Wild Pitch!
Chris Goldman to second
1-1: Ground out 6-3 (Groundball, 6, EV 79.4 MPH)
Bottom of the 2nd over - 0 runs, 1 hit, 0 errors, 1 left on base; Brooklyn 1 - Connecticut 0
TOP OF THE 3RD
Brooklyn Cyclones batting - Pitching for Connecticut Tigers : RHP Richard Munoz
Batting: RHB Vince Worsley 0-0: Called Strike
0-1: Ball
1-1: Swinging Strike
1-2: Strikes out swinging
Batting: RHB Josh Wright 0-0: Called Strike
0-1: Swinging Strike
0-2: Hit by Pitch
Batting: RHB Nigel Stewart 0-0: Ball
1-0: Ball
2-0: DOUBLE (Flyball, 8LXD, EV 96.2 MPH)
Josh Wright to third
Batting: LHB Jayden Fox 0-0: Called Strike
0-1: Called Strike
0-2: Strikes out swinging
Batting: RHB Kevin Santer 0-0: Called Strike
0-1: Ball
1-1: Foul Ball, location: 2F
1-2: Foul Ball, location: 2F
1-2: 3-RUN HOME RUN (Line Drive, 89XD, EV 115.6 MPH), Distance : 441 ft
Batting: SHB Omar Zamora 0-0: Ball
1-0: Called Strike
1-1: Swinging Strike
1-2: Strikes out looking
Top of the 3rd over - 3 runs, 2 hits, 0 errors, 0 left on base; Brooklyn 4 - Connecticut 0
BOTTOM OF THE 3RD
Connecticut Tigers batting - Pitching for Brooklyn Cyclones : RHP Vince Worsley
Batting: LHB Adam Black 0-0: Called Strike
0-1: Foul Ball, location: 2F
0-2: Foul Ball, location: 2F
0-2: Ball
1-2: Strikes out swinging
Batting: RHB Chris Atwood 0-0: Ball
1-0: Called Strike
1-1: Ball
2-1: Foul Ball, location: 2F
2-2: Foul Ball, location: 2F
2-2: Ball
3-2: Foul Ball, location: 2F
3-2: DOUBLE (Flyball, 8LXD, EV 97.5 MPH)
Batting: LHB Jack Myers 0-0: Ball
1-0: Called Strike
1-1: Foul Ball, location: 2F
1-2: Strikes out swinging
Batting: LHB Jaime Vargas 0-0: Foul Ball, location: 2F
0-1: Ball
1-1: Ball
2-1: Ball
3-1: Foul Ball, location: 2F
3-2: Strikes out swinging
Bottom of the 3rd over - 0 runs, 1 hit, 0 errors, 1 left on base; Brooklyn 4 - Connecticut 0
TOP OF THE 4TH
Brooklyn Cyclones batting - Pitching for Connecticut Tigers : RHP Richard Munoz
Batting: RHB Chase Garcia 0-0: Called Strike
0-1: Foul Ball, location: 2F
0-2: Strikes out looking
Batting: RHB Daniel Bey 0-0: Foul Ball, location: 2F
0-1: Swinging Strike
0-2: Foul Ball, location: 2F
0-2: Ball
1-2: Ball
2-2: Strikes out looking
Batting: SHB Jorge Saenz 0-0: Ball
1-0: Ball
2-0: Ball
3-0: Called Strike
3-1: Swinging Strike
3-2: Foul Ball, location: 2F
3-2: Strikes out looking
Top of the 4th over - 0 runs, 0 hits, 0 errors, 0 left on base; Brooklyn 4 - Connecticut 0
BOTTOM OF THE 4TH
Connecticut Tigers batting - Pitching for Brooklyn Cyclones : RHP Vince Worsley
Batting: RHB Hector Cortez 0-0: Called Strike
0-1: SINGLE (Groundball, 6MD, EV 104.4 MPH)
Batting: RHB Nick Crawford 0-0: Ball
Hector Cortez is caught stealing 2nd base 2-4
1-0: Foul Ball, location: 2F
1-1: Foul Ball, location: 2F
1-2: Foul Ball, location: 2F
1-2: Ball
2-2: Foul Ball, location: 2F
2-2: Ball
3-2: Strikes out swinging
Batting: SHB Sandy Montiel 0-0: Ground out 3-1 (Groundball, 34S, EV 88.8 MPH)
Bottom of the 4th over - 0 runs, 1 hit, 0 errors, 0 left on base; Brooklyn 4 - Connecticut 0
TOP OF THE 5TH
Brooklyn Cyclones batting - Pitching for Connecticut Tigers : RHP Richard Munoz
Batting: RHB Vince Worsley 0-0: Called Strike
0-1: Ball
1-1: Ball
2-1: Foul Ball, location: 2F
2-2: Foul Ball, location: 2F
2-2: Foul Ball, location: 2F
2-2: Foul Ball, location: 2F
2-2: Ball
3-2: Base on Balls
Batting: RHB Josh Wright 0-0: Bunt missed!
0-1: Bunted foul
0-2: Ball
1-2: DOUBLE (Line Drive, 9LS, EV 90.6 MPH)
Vince Worsley to third
Batting: RHB Nigel Stewart 0-0: Ball
1-0: Foul Ball, location: 2F
1-1: Foul Ball, location: 2F
1-2: Ball
2-2: Strikes out swinging
Batting: LHB Jayden Fox 0-0: Ball
1-0: Foul Ball, location: 2F
1-1: Foul Ball, location: 2F
1-2: Ball
2-2: Foul Ball, location: 2F
2-2: Strikes out swinging
Batting: RHB Kevin Santer Balk!
Vince Worsley scores
Josh Wright to third
Pitching: RHP Alexis Rivera 0-0: Called Strike
0-1: Foul Ball, location: 2F
0-2: Strikes out swinging
Top of the 5th over - 1 run, 1 hit, 0 errors, 1 left on base; Brooklyn 5 - Connecticut 0
BOTTOM OF THE 5TH
Connecticut Tigers batting - Pitching for Brooklyn Cyclones : RHP Vince Worsley
Batting: LHB Chris Goldman 0-0: Called Strike
0-1: Foul Ball, location: 2F
0-2: Foul Ball, location: 2F
0-2: Ball
1-2: Ball
2-2: Ground out 4-3 (Groundball, 4, EV 93.1 MPH)
Batting: RHB Jimmy Bennett 0-0: Ball
1-0: Called Strike
1-1: Fly out, F3 (Popup, 23F, EV 81.9 MPH)
Batting: LHB Adam Black 0-0: Called Strike
0-1: Ball
1-1: Ball
2-1: Called Strike
2-2: Strikes out swinging
Bottom of the 5th over - 0 runs, 0 hits, 0 errors, 0 left on base; Brooklyn 5 - Connecticut 0
TOP OF THE 6TH
Brooklyn Cyclones batting - Pitching for Connecticut Tigers : RHP Alexis Rivera
Batting: SHB Omar Zamora 0-0: Called Strike
0-1: Foul Ball, location: 2F
0-2: Strikes out looking
Batting: RHB Chase Garcia 0-0: SOLO HOME RUN (Flyball, 78XD, EV 108.1 MPH), Distance : 426 ft
Batting: RHB Daniel Bey 0-0: Called Strike
0-1: Ball
1-1: Ball
2-1: Ball
3-1: Base on Balls
Batting: SHB Jorge Saenz 0-0: Ball
1-0: Ball
Passed Ball!
Daniel Bey to second
2-0: Called Strike
2-1: Foul Ball, location: 2F
2-2: Strikes out swinging
Batting: RHB Vince Worsley 0-0: Ground out 6-3 (Groundball, 6, EV 105.6 MPH)
Top of the 6th over - 1 run, 1 hit, 0 errors, 1 left on base; Brooklyn 6 - Connecticut 0
BOTTOM OF THE 6TH
Connecticut Tigers batting - Pitching for Brooklyn Cyclones : RHP Vince Worsley
Batting: RHB Chris Atwood 0-0: Swinging Strike
0-1: Foul Ball, location: 2F
0-2: Foul Ball, location: 2F
0-2: Strikes out swinging
Batting: LHB Jack Myers 0-0: Ball
1-0: Ball
2-0: Foul Ball, location: 2F
2-1: Foul Ball, location: 2F
2-2: Ball
3-2: SOLO HOME RUN (Line Drive, 9LD, EV 98.8 MPH), Distance : 374 ft
Batting: LHB Jaime Vargas 0-0: Ground out 1-3 (Groundball, 25, EV 75.6 MPH)
Batting: RHB Hector Cortez 0-0: Ground out 6-3 (Groundball, 6S, EV 75.6 MPH)
Bottom of the 6th over - 1 run, 1 hit, 0 errors, 0 left on base; Brooklyn 6 - Connecticut 1
TOP OF THE 7TH
Brooklyn Cyclones batting - Pitching for Connecticut Tigers : RHP Alexis Rivera
Batting: RHB Josh Wright 0-0: Ball
1-0: Ball
2-0: Called Strike
2-1: SINGLE (Groundball, 56D, EV 96.9 MPH)
Batting: RHB Nigel Stewart 0-0: Ball
1-0: Called Strike
1-1: Called Strike
1-2: Foul Ball, location: 2F
1-2: Foul Ball, location: 2LF, Error on foul ball, E2
1-2: Fielders Choice at 2nd, 5-4 (Groundball, 5L, EV 82.5 MPH)
Batting: LHB Jayden Fox 0-0: Called Strike
0-1: Ball
Nigel Stewart is caught stealing 2nd base 2-6
1-1: Foul Ball, location: 2F
1-2: Ball
2-2: Ground out U3 (Groundball, 3, EV 81.2 MPH)
Top of the 7th over - 0 runs, 1 hit, 1 error, 0 left on base; Brooklyn 6 - Connecticut 1
BOTTOM OF THE 7TH
Connecticut Tigers batting - Pitching for Brooklyn Cyclones : RHP Vince Worsley
Batting: RHB Nick Crawford 0-0: Swinging Strike
0-1: Foul Ball, location: 2F
0-2: Foul Ball, location: 2F
0-2: Ball
1-2: Foul Ball, location: 2F
1-2: Foul Ball, location: 2F
1-2: Strikes out swinging
Pitching: RHP Guillermo Mateo
Batting: SHB Sandy Montiel 0-0: Called Strike
0-1: Foul Ball, location: 2F
0-2: Strikes out swinging
Batting: LHB Chris Goldman 0-0: Foul Ball, location: 2F
0-1: Ball
1-1: Called Strike
1-2: Ball
2-2: Ball
3-2: Foul Ball, location: 2F
3-2: SOLO HOME RUN (Flyball, 9D, EV 99.4 MPH), Distance : 382 ft
Batting: RHB Jimmy Bennett 0-0: Ground out 5-3 (Groundball, 56, EV 110.6 MPH)
Bottom of the 7th over - 1 run, 1 hit, 0 errors, 0 left on base; Brooklyn 6 - Connecticut 2
TOP OF THE 8TH
Brooklyn Cyclones batting - Pitching for Connecticut Tigers : RHP Alexis Rivera
Pitching: RHP Jon Chaney
Batting: RHB Kevin Santer 0-0: Called Strike
0-1: Called Strike
0-2: Strikes out swinging
Batting: SHB Omar Zamora 0-0: Ball
1-0: Ball
2-0: Called Strike
2-1: SINGLE (Line Drive, 4MD, EV 100.6 MPH)
Batting: RHB Chase Garcia 0-0: Ball
1-0: Called Strike
1-1: Ball
2-1: Swinging Strike
2-2: Ball
3-2: Base on Balls
Omar Zamora to second
Batting: RHB Daniel Bey 0-0: Foul Ball, location: 2F
0-1: Ball
1-1: Ball
2-1: Ball
3-1: Fielders Choice at 2nd, 3-6 (Groundball, 34S, EV 80.0 MPH)
Omar Zamora to third
Batting: SHB Jorge Saenz 0-0: Ball
1-0: Swinging Strike
1-1: Swinging Strike
1-2: Strikes out swinging
Top of the 8th over - 0 runs, 1 hit, 0 errors, 2 left on base; Brooklyn 6 - Connecticut 2
BOTTOM OF THE 8TH
Connecticut Tigers batting - Pitching for Brooklyn Cyclones : RHP Guillermo Mateo
Pitching: RHP Keegan Spinner
Batting: LHB Adam Black 0-0: Ball
1-0: Called Strike
1-1: Called Strike
1-2: Strikes out swinging
Batting: RHB Chris Atwood 0-0: Called Strike
0-1: Called Strike
0-2: Ball
1-2: Foul Ball, location: 2F
1-2: Ball
2-2: Ball
3-2: Foul Ball, location: 2F
3-2: SINGLE (Groundball, 34, EV 98.8 MPH)
Batting: LHB Jack Myers 0-0: Foul Ball, location: 2F
0-1: Called Strike
0-2: Strikes out swinging
Batting: LHB Jaime Vargas 0-0: Called Strike
0-1: Ball
1-1: Ball
2-1: Ground out 4-3 (Groundball, 4, EV 107.5 MPH)
Bottom of the 8th over - 0 runs, 1 hit, 0 errors, 1 left on base; Brooklyn 6 - Connecticut 2
TOP OF THE 9TH
Brooklyn Cyclones batting - Pitching for Connecticut Tigers : RHP Jon Chaney
Batting: RHB Vince Worsley 0-0: Ball
1-0: SINGLE (Line Drive, 8LS, EV 110.6 MPH)
Batting: RHB Josh Wright 0-0: Sac Bunt to P - play at first, batter OUT! 1-3
Vince Worsley to second
Batting: RHB Nigel Stewart 0-0: Called Strike
0-1: Ball
1-1: Swinging Strike
1-2: SINGLE (Groundball, 6MS, EV 66.2 MPH) (infield hit)
Vince Worsley to third
Batting: LHB Jayden Fox 0-0: Ball
1-0: Called Strike
Nigel Stewart steals 2nd base
1-1: Ball
2-1: Ball
3-1: Ground out U3 (Groundball, 3S, EV 67.5 MPH)
Batting: RHB Kevin Santer 0-0: Foul Ball, location: 2F
0-1: Foul Ball, location: 2F
0-2: Ball
1-2: Strikes out looking
Top of the 9th over - 0 runs, 2 hits, 0 errors, 2 left on base; Brooklyn 6 - Connecticut 2
BOTTOM OF THE 9TH
Connecticut Tigers batting - Pitching for Brooklyn Cyclones : RHP Keegan Spinner
Batting: RHB Hector Cortez 0-0: Ball
1-0: Called Strike
1-1: Foul Ball, location: 2F
1-2: Ball
2-2: Fly out, F5 (Popup, 56, EV 66.9 MPH)
Batting: RHB Nick Crawford 0-0: Ball
1-0: Ball
2-0: Ball
3-0: Called Strike
3-1: Base on Balls
Batting: SHB Sandy Montiel 0-0: SINGLE (Groundball, 6M, EV 94.4 MPH)
Nick Crawford to second
Batting: LHB Chris Goldman 0-0: Grounds into double play, 6-4-3 (Groundball, 6, EV 89.4 MPH)
Bottom of the 9th over - 0 runs, 1 hit, 0 errors, 1 left on base; Brooklyn 6 - Connecticut 2
Wednesday, July 27th , 2022 - OOTP Baseball 23.5 Build 73